 Dungeon Crawl Stone Soup version 0.31-a0-325-g067879e3d3 (webtiles) character file.

Game seed: 16198384846423292192

5579 derpindaisy the Covert (level 10, -3/51 HPs)
             Began as a Spriggan Brigand on July 18, 2023.
             Was a Believer of Makhleb.
             Killed from afar by a gargoyle (19 damage)
             ... with a stone arrow
             ... on level 8 of the Dungeon.
             The game lasted 00:40:17 (9485 turns).

derpindaisy the Covert (Spriggan Brigand)           Turns: 9485, Time: 00:40:18

Health: -3/51      AC:  3    Str: 11    XL:     10   Next: 44%
Magic:  20/20      EV: 23    Int: 13    God:    Makhleb [**....]
Gold:   467        SH:  0    Dex: 17    Spells: 6/9 levels left

rFire   . . .        x - +2 short sword (freeze)
rCold   + . .        (no shield)
rNeg    + + .        f - +0 robe {rC+}
rPois   .            q - +0 hat
rElec   .            c - +0 cloak
rCorr   +            (gloves unavailable)
SInv    +            (boots unavailable)
Will    +....        w - amulet of reflection
Stlth   ++           b - ring "Ficraloj" {Drain rN++ rCorr MP+9}
HPRegen 0.28/turn    (no ring)
MPRegen 0.17/turn

%: reflection
@: confused, ambrosia-drunk, very quick
A: very small, no large weapons, unfitting armour, see invisible, speed 3
a: Renounce Religion, Minor Destruction


You were on level 8 of the Dungeon.
You worshipped Makhleb.
Makhleb was pleased with you.
You visited 1 branch of the dungeon, and saw 8 of its levels.
You also visited: Bailey.

You collected 467 gold pieces.

Inventory:

Hand Weapons
 t - a +1 dagger of flaming
 v - a +4 dagger of flaming
 x - a +2 short sword of freezing (weapon)
Missiles
 y - 15 poisoned darts (quivered)
 B - a curare-tipped dart
Armour
 c - a +0 cloak (worn)
 f - a +0 robe of cold resistance (worn)
 q - a +0 hat (worn)
Jewellery
 b - the ring "Ficraloj" (left hand) {Drain rN++ rCorr MP+9}
   (You took it off an orc priest on level 5 of the Dungeon)

   [ring of magical power]

   rN:        It greatly protects you from negative energy.
   MP:        It affects your magic capacity (+9).
   rCorr:     It protects you from acid and corrosion.
   Drain:     It drains your maximum health when unequipped.
 d - an amulet of faith
 e - a ring of resist corrosion
 w - an amulet of reflection (around neck)
Scrolls
 a - a scroll of teleportation
 k - 7 scrolls of identify
 m - a scroll of fog {unknown}
 n - 3 scrolls of revelation
 o - a scroll of poison {unknown}
 r - a scroll of silence {unknown}
 z - a scroll of blinking {unknown}
 A - a scroll of fear {unknown}
Potions
 g - a potion of experience
 i - 4 potions of curing
 j - a potion of enlightenment {unknown}
 l - 6 potions of haste
 p - 2 potions of mutation {unknown}
 s - a potion of degeneration {unknown}
 D - a potion of resistance {unknown}
 E - 2 potions of magic {unknown}
 F - 2 potions of brilliance {unknown}


   Skills:
 + Level 5.2 Fighting
 + Level 8.4 Short Blades
 + Level 5.2 Throwing
 + Level 10.0 Dodging
 + Level 12.1 Stealth
 + Level 2.0 Shields
 + Level 0.2 Spellcasting
 + Level 0.2 Summonings
 + Level 4.8 Evocations


You had 6 spell levels left.
You knew the following spells:

 Your Spells              Type           Power      Damage    Failure   Level
a - Call Canine Familiar  Summ           0%         N/A       63%         3

Your spell library contained the following spells:

 Spells                   Type           Power      Damage    Failure   Level
 Blink                    Tloc           0%         N/A       43%         2
 Portal Projectile        Hex/Tloc       0%         N/A       67%         3
 Summon Ice Beast         Ice/Summ       0%         N/A       96%         4
 Leda's Liquefaction      Hex/Erth       0%         N/A       97%         4
 Manifold Assault         Tloc           0%         N/A       97%         4
 Summon Mana Viper        Hex/Summ       0%         N/A       100%        5
 Monstrous Menagerie      Summ           0%         N/A       100%        7


Dungeon Overview and Level Annotations

Branches:
Dungeon (8/15)             Temple (0/1) D:6          Bailey (visited)
   Lair: D:8-11

Altars:
Gozag
Makhleb
Okawaru

Shops:
D:1 :   D:3 =   D:7 *

Annotations:
D:4 3 runed translucent doors, LeprechaunX's ghost, novice OpSh


Innate Abilities, Weirdness & Mutations

You are very small and have problems with some larger weapons.
You are too small for most types of armour.
You have supernaturally acute eyesight. (SInv)
You cover ground extremely quickly. (Speed+++)


Message History

Okay, then.
Okay, then.
Okay, then.
You hit the gargoyle but do no damage.
The gargoyle is almost destroyed.
The gargoyle completely misses you.
You hit the gargoyle but do no damage.
The gargoyle is almost destroyed.
You hit the gargoyle but do no damage.
The gargoyle is almost destroyed.
The gargoyle hurls a stone arrow at you.
The stone arrow misses you.
You hit the gargoyle but do no damage.
The gargoyle is almost destroyed.
You hit the gargoyle but do no damage.
The gargoyle is almost destroyed.
The gargoyle hurls a stone arrow at you.
The stone arrow misses you.
You hit the gargoyle but do no damage.
The gargoyle is almost destroyed.
You block the gargoyle's attack.
You hit the gargoyle but do no damage.
The gargoyle is almost destroyed.
You hit the gargoyle but do no damage.
The gargoyle is almost destroyed.
The gargoyle hurls a stone arrow at you.
The stone arrow misses you.
You hit the gargoyle but do no damage.
The gargoyle is almost destroyed.
You hit the gargoyle but do no damage.
The gargoyle is almost destroyed.
The gargoyle hurls a stone arrow at you.
The stone arrow misses you.
It was a potion of ambrosia.
You are confused.
You feel invigorated. The gargoyle hits you with a +0 flail.
* * * LOW HITPOINT WARNING * * *
The gargoyle hurls a stone arrow at you.
The stone arrow hits you!!
You die...

### ### #####.####.#
#...#..#...## .
#..........<# ##..
##.....##....# ###....
##...........## ..?....
#.........[..### .......
##.............##.......
##.............@.9......
#...................#...
##................#.#
#####...........!.##
##....!.......#
#...........##
##......##.$#
#.......###..#
#........# ...


You could see a gargoyle.

Vanquished Creatures
  An orc warlord (Bailey)
  An orc knight (Bailey)
  Joseph (D:7)
  Prince Ribbit (D:7)
  Grinder (D:6)
  A vampire (D:6)
  Sigmund (D:5)
  2 steam dragons (D:6)
  Menkaure (D:6)
  A sky beast (D:7)
  3 black bears
  11 orc warriors
  A centaur (D:6)
  3 phantoms
  A kobold brigand (D:7)
  Blork the orc (D:5)
  A bullfrog (D:6)
  A scorpion (D:6)
  5 wights (D:6)
  A howler monkey (D:5)
  3 orc priests
  2 jellies
  Crazy Yiuf (D:7)
  2 hounds (D:6)
  A sleepcap (D:4)
  2 iguanas
  Jessica (D:3)
  4 orc wizards
  8 gnolls (Bailey)
  3 adders
  A shadow imp (D:7)
  3 white imps
  An ufetubus (D:4)
  An adder skeleton (D:2)
  A worm (D:2)
  A dart slug (D:4)
  29 orcs
  4 ball pythons
  7 endoplasms
  15 giant cockroaches
  18 goblins
  16 hobgoblins
  8 jackals
  14 kobolds
  2 quokkas
  A ball python skeleton (D:2)
  2 bats
  3 frilled lizards
  A giant cockroach zombie (D:2)
  6 rats
200 creatures vanquished.

Vanquished Creatures (others)
  A sky beast (D:6)
1 creature vanquished.

Grand Total: 201 creatures vanquished

Notes
Turn   | Place    | Note
-------+----------+-------------------------------------------
     0 | D:1      | derpindaisy the Spriggan Brigand began the quest for the
                  | Orb.
     0 | D:1      | Reached XP level 1. HP: 10/10 MP: 2/2
    71 | D:1      | Reached skill level 6 in Stealth
   126 | D:1      | Reached XP level 2. HP: 14/14 MP: 3/3
   128 | D:1      | Found Juruidd's Book Emporium.
   765 | D:2      | Reached XP level 3. HP: 17/18 MP: 4/4
   849 | D:2      | Reached skill level 7 in Stealth
  1182 | D:2      | Reached XP level 4. HP: 23/23 MP: 5/5
  1828 | D:3      | Found Efeuth's Jewellery Shop.
  1956 | D:3      | Noticed Jessica
  1958 | D:3      | Killed Jessica
  2473 | D:4      | Noticed a black bear
  2516 | D:4      | Killed a black bear
  2517 | D:4      | Reached XP level 5. HP: 4/26 MP: 6/6
  2676 | D:4      | Found a runed translucent gate.
  2676 | D:4      | Found a runed translucent gate.
  2676 | D:4      | Found a runed translucent gate.
  2680 | D:4      | Noticed LeprechaunX's ghost (novice OpSh)
  2816 | D:4      | Reached XP level 6. HP: 15/30 MP: 7/7
  3033 | D:4      | Reached skill level 8 in Stealth
  4175 | D:5      | Entered Level 5 of the Dungeon
  4203 | D:5      | Reached XP level 7. HP: 32/35 MP: 8/8
  4220 | D:5      | Reached skill level 5 in Short Blades
  4380 | D:5      | Noticed Blork the orc
  4400 | D:5      | Killed Blork the orc
  4401 | D:5      | Reached skill level 5 in Dodging
  4589 | D:5      | Identified the ring "Ficraloj" {Drain rN++ rCorr MP+9}
  4882 | D:4      | Reached skill level 9 in Stealth
  5244 | D:5      | Identified the +4 scale mail of the Saviour {Rampage rC++
                  | Dex+2 Stlth-}
  5244 | D:5      | Noticed Sigmund
  5289 | D:5      | Killed Sigmund
  5290 | D:5      | Reached XP level 8. HP: 36/40 MP: 9/9
  5561 | D:5      | Found a burning altar of Makhleb.
  5567 | D:5      | Found an iron altar of Okawaru.
  5572 | D:5      | Found an opulent altar of Gozag.
  5582 | D:5      | Became a worshipper of Makhleb the Destroyer
  5706 | D:6      | Noticed Menkaure
  5714 | D:6      | Killed Menkaure
  5796 | D:6      | Found a staircase to the Ecumenical Temple.
  5878 | D:6      | Noticed Grinder
  6055 | D:6      | Reached skill level 10 in Stealth
  6468 | D:6      | Killed Grinder
  6469 | D:6      | Reached skill level 1 in Evocations
  6469 | D:6      | Reached XP level 9. HP: 39/45 MP: 10/10
  6580 | D:6      | Reached skill level 11 in Stealth
  6823 | D:6      | Reached * piety under Makhleb
  6850 | D:6      | Learned a level 3 spell: Call Canine Familiar
  7162 | D:7      | Noticed Joseph
  7248 | D:7      | Killed Joseph
  7299 | D:7      | Found a flagged portal.
  7315 | Bailey   | Entered a bailey
  7910 | Bailey   | Reached skill level 1 in Shields
  8002 | Bailey   | Noticed an orc knight
  8055 | Bailey   | Killed an orc knight
  8056 | Bailey   | Reached skill level 5 in Throwing
  8056 | Bailey   | Reached XP level 10. HP: 49/51 MP: 11/11
  8079 | Bailey   | Reached ** piety under Makhleb
  8350 | Bailey   | Noticed an orc warlord
  8439 | Bailey   | Killed an orc warlord
  8440 | Bailey   | Reached skill level 5 in Fighting
  8440 | Bailey   | Reached skill level 12 in Stealth
  8778 | D:7      | Reached skill level 10 in Dodging
  8893 | D:7      | Noticed Prince Ribbit
  8921 | D:7      | Killed Prince Ribbit
  9158 | D:7      | Found a runed translucent door.
  9159 | D:7      | Noticed Crazy Yiuf
  9166 | D:7      | Killed Crazy Yiuf
  9270 | D:7      | Found Exiakh's Overcharged Wands.
  9446 | D:8      | Noticed a gargoyle
  9485 | D:8      | Killed from afar by a gargoyle

Illustrated notes

Levels and vault maps discovered:
D:1:      matt_arrival_diagonals, layout_loops_ring, serial_shops,
          nicolae_book_shop_shelving
D:2:      minmay_roachtagon, layout_basic, serial_undead, serial_undead_e,
          serial_undead_a, serial_undead_a, serial_undead_b, serial_undead_d,
          serial_undead_b
D:3:      layout_rooms, serial_shops, nicolae_shop_crystal, uniq_jessica
D:4:      layout_layer_cave, gammafunk_ghost_split
D:5:      layout_rooms, minmay_overflow_temple_star_quad, hex_medium,
          uniq_blork_the_orc, uniq_sigmund
D:6:      layout_basic, minmay_temple_entry_mist, kennysheep_minor_cross,
          grunt_potential, uniq_menkaure, uniq_grinder
D:7:      layout_basic, enter_bailey_2, nicolae_shop_overcharged_wands,
          uniq_crazy_yiuf_cottage, uniq_joseph, uniq_prince_ribbit1
D:8:      layout_cave_pools

Skill      XL: |  1  2  3  4  5  6  7  8  9 10 |
---------------+-------------------------------+-----
Stealth        | 6 7 8 9 10 11 12 | 12.1
Dodging        | 2 3 4 5 7 9 10 | 10.0
Short Blades   | 3 4 5 6 7 8 |  8.4
Fighting       | 2 3 4 5 |  5.2
Throwing       | 3 4 5 |  5.2
Evocations     | 1 2 4 |  4.8
Shields        | 1 2 |  2.0
Spellcasting   | |  0.2
Summonings     | |  0.2

Action                     |  1- 3 |  4- 6 |  7- 9 | 10-12 || total
---------------------------+-------+-------+-------+-------++-------
  Melee: Dagger            |   156 |   216 |   206 |    94 ||   672
         Punch             |       |     4 |     7 |     6 ||    17
         Short sword       |       |       |   296 |    93 ||   389
  Throw: Dart              |     9 |    12 |    35 |     6 ||    62
  Evoke: Wand              |       |       |    18 |    17 ||    35
    Use: Scroll            |     2 |     1 |     1 |       ||     4
         Potion            |     1 |     1 |     3 |     2 ||     7
   Stab: Sleeping          |     5 |    11 |     4 |     3 ||    23
         Distracted        |       |       |     4 |     2 ||     6
         Invisible         |       |       |     1 |       ||     1
 Armour: Robe              |    31 |    28 |    26 |     4 ||    89
  Dodge: Dodged            |   115 |   133 |   290 |    96 ||   634
  Block: Other             |       |       |    30 |    31 ||    61
         Reflection        |       |       |     3 |     5 ||     8

Table legend: (Time is in decaauts)
 A = Elapsed time spent in this place.
 B = Non-inter-level travel time spent in this place.
 C = Inter-level travel time spent in this place.
 D = Time resting spent in this place.
 E = Time spent auto-exploring this place.
 F = Levels seen in this place.
 G = Mean time per level.
                   A        B        C        D        E       F      G
               +--------+--------+--------+--------+--------+-----+--------+
         Total |   6912 |   6808 |    104 |   2129 |   2687 |   9 |  768.0 |
       Dungeon |   5954 |   5850 |    104 |   1728 |   2551 |   8 |  744.2 |
        Bailey |    957 |    957 |      0 |    401 |    136 |   1 |  957.0 |
               +--------+--------+--------+--------+--------+-----+--------+

Top non-repeatable levels by time:
     D:4: 1534 daAuts
     D:6: 1089 daAuts
  Bailey: 957 daAuts
     D:5: 947 daAuts
     D:2: 829 daAuts
     D:7: 665 daAuts
     D:1: 411 daAuts
     D:3: 348 daAuts
     D:8: 128 daAuts
